[Event "22nd OIBM 2018"]
[Site "Gmund am Tegernsee"]
[Date "2018.10.27"]
[Round "1"]
[White "Banusz, Tamas"]
[Black "Lettl, Gerhard"]
[Result "1-0"]
[ECO "A06"]
[WhiteElo "2606"]
[BlackElo "2132"]
[Annotator "RC"]
[PlyCount "43"]
[EventDate "2018.10.27"]
[EventType "swiss"]
[EventCountry "GER"]
[SourceTitle "playchess.com"]
[Source "ChessBase"]
[SourceQuality "1"]
[TimeControl "40/5400+30:1800+30"]

1. Nf3 d5 2. g3 Nf6 3. Bg2 e6 4. O-O c5 5. c4 Nc6 6. cxd5 exd5 7. d4 Be7 8. dxc5 Bxc5 9. a3 a5 10. Nc3 O-O 11. Bg5 Be6 12. Rc1 Be7 13. Qa4 h6 14. Bf4 Rc8 15. Rfd1 Qb6 16. Qb5 Qxb5 17. Nxb5 Rfd8 18. Bc7 Rd7 19. Bxa5 Ra8 20. Be1 d4 21. Nfxd4 Rad8 22. e3 1-0

[Event "22nd OIBM 2018"]
[Site "Gmund am Tegernsee"]
[Date "2018.10.27"]
[Round "1"]
[White "Zajogin, Alexander"]
[Black "Proschmann, Tino"]
[Result "1-0"]
[ECO "D10"]
[WhiteElo "2408"]
[BlackElo "2091"]
[Annotator "NA"]
[PlyCount "81"]
[EventDate "2018.10.27"]
[EventType "swiss"]
[EventCountry "GER"]
[SourceTitle "playchess.com"]
[Source "ChessBase"]
[SourceQuality "1"]
[TimeControl "40/5400+30:1800+30"]

1. d4 d5 2. c4 c6 3. Nc3 dxc4 4. e3 b5 5. a4 b4 6. Nb1 Ba6 7. Nf3 Qa5 8. Be2 c3 9. bxc3 Bxe2 10. Qxe2 Qa6 11. cxb4 Qxe2+ 12. Kxe2 Na6 13. b5 cxb5 14. axb5 Nc7 15. Nc3 e6 16. Ba3 Bxa3 17. Rxa3 Ne7 18. Rha1 Nc8 19. Ne5 Rb8 20. Rxa7 Nxa7 21. Rxa7 Nxb5 22. Nxb5 O-O 23. Nd6 f6 24. Nd7 Rb2+ 25. Kf3 Rd8 26. Ne4 Rc8 27. Ndxf6+ gxf6 28. Nxf6+ Kf8 29. Nxh7+ Kg8 30. Nf6+ Kf8 31. g4 Rcc2 32. Ne4 Rb5 33. g5 Rf5+ 34. Kg4 Rc1 35. Kh5 Rf7 36. Ra8+ Kg7 37. Nf6 Rb7 38. Rg8+ Kf7 39. Kh6 Rb2 40. Rg7+ Kf8 41. Kg6 1-0

[Event "22nd OIBM 2018"]
[Site "Gmund am Tegernsee"]
[Date "2018.10.27"]
[Round "1"]
[White "Colpe, Malte"]
[Black "Sarvadh Sathiaram"]
[Result "1-0"]
[ECO "A48"]
[WhiteElo "2379"]
[BlackElo "2089"]
[Annotator "NA"]
[PlyCount "59"]
[EventDate "2018.10.27"]
[EventType "swiss"]
[EventCountry "GER"]
[SourceTitle "playchess.com"]
[Source "ChessBase"]
[SourceQuality "1"]
[TimeControl "40/5400+30:1800+30"]

1. d4 Nf6 2. Nf3 g6 3. Bg5 Ne4 4. Bh4 Bg7 5. Nbd2 Nxd2 6. Qxd2 d5 7. e3 b6 8. Bb5+ Bd7 9. a4 a6 10. Bd3 c5 11. c3 Bc6 12. O-O O-O 13. Qe2 Qd7 14. e4 e6 15. Rfe1 Bxa4 16. exd5 exd5 17. Ne5 Bxe5 18. dxe5 c4 19. Qe3 Qc6 20. Bf5 Re8 21. Qh6 f6 22. exf6 Ra7 23. Bxg6 hxg6 24. Qxg6+ Kh8 25. Rxe8+ Qxe8 26. f7 Rxf7 27. Bf6+ Rxf6 28. Qxf6+ Kg8 29. Qg5+ Kf8 30. Qxd5 1-0

[Event "22nd OIBM 2018"]
[Site "Gmund am Tegernsee"]
[Date "2018.10.27"]
[Round "1"]
[White "Pirrot, Dieter"]
[Black "Hallmann, Norbert"]
[Result "1-0"]
[ECO "C02"]
[WhiteElo "2373"]
[BlackElo "2088"]
[Annotator "NA"]
[PlyCount "65"]
[EventDate "2018.10.27"]
[EventType "swiss"]
[EventCountry "GER"]
[SourceTitle "playchess.com"]
[Source "ChessBase"]
[SourceQuality "1"]
[TimeControl "40/5400+30:1800+30"]

1. e4 e6 2. d4 d5 3. e5 c5 4. c3 Nc6 5. Nf3 Qb6 6. Bd3 Bd7 7. O-O O-O-O 8. dxc5 Bxc5 9. b4 Be7 10. Be3 Qc7 11. Na3 f6 12. Nb5 Qb8 13. Nd6+ Bxd6 14. exd6 Qxd6 15. b5 Na5 16. Qa4 b6 17. c4 dxc4 18. Bxc4 Kb8 19. Rfd1 Qe7 20. Re1 g5 21. Nd4 Nxc4 22. Qxc4 e5 23. Nc6+ Bxc6 24. bxc6 Qc7 25. a4 Rd6 26. a5 Rxc6 27. Qb3 b5 28. Qxb5+ Ka8 29. a6 Ne7 30. Qb7+ Qxb7 31. axb7+ Kb8 32. Rxa7 Kc7 33. b8=Q+ 1-0

[Event "22nd OIBM 2018"]
[Site "Gmund am Tegernsee"]
[Date "2018.10.27"]
[Round "1"]
[White "Slugin, Sergey"]
[Black "Gschwendtner, Klaus"]
[Result "1/2-1/2"]
[ECO "A62"]
[WhiteElo "2362"]
[BlackElo "2086"]
[Annotator "NA"]
[PlyCount "94"]
[EventDate "2018.10.27"]
[EventType "swiss"]
[EventCountry "GER"]
[SourceTitle "playchess.com"]
[Source "ChessBase"]
[SourceQuality "1"]
[TimeControl "40/5400+30:1800+30"]

1. d4 Nf6 2. c4 e6 3. g3 c5 4. d5 exd5 5. cxd5 d6 6. Nc3 g6 7. Nf3 Bg7 8. Bg2 O-O 9. O-O a6 10. a4 Nbd7 11. Re1 Re8 12. Nd2 Rb8 13. Nc4 Ne5 14. Na3 Nh5 15. h3 Bd7 16. f4 b5 17. axb5 axb5 18. fxe5 b4 19. g4 bxc3 20. bxc3 Bxe5 21. gxh5 Qh4 22. e4 Bxh3 23. Bxh3 Qxh3 24. Ra2 Bxc3 25. Re3 Bd4 26. Qxd4 Qg4+ 27. Rg2 cxd4 28. Rxg4 dxe3 29. Bxe3 Rb4 30. hxg6 hxg6 31. Kf2 Rbxe4 32. Rxe4 Rxe4 33. Nb5 Re5 34. Nc3 Rf5+ 35. Ke2 Kf8 36. Kd3 Ke7 37. Ke4 Re5+ 38. Kd4 Rh5 39. Ne4 f5 40. Bg5+ Kf8 41. Nf6 Rh1 42. Nd7+ Kf7 43. Nb6 Rd1+ 44. Ke3 Re1+ 45. Kd3 Rd1+ 46. Ke3 Re1+ 47. Kd3 Rd1+ 1/2-1/2

[Event "22nd OIBM 2018"]
[Site "Gmund am Tegernsee"]
[Date "2018.10.27"]
[Round "1"]
[White "Bussard, Christian"]
[Black "Braun, Michael"]
[Result "1/2-1/2"]
[ECO "D00"]
[WhiteElo "2283"]
[BlackElo "2365"]
[Annotator "NA"]
[PlyCount "48"]
[EventDate "2018.10.27"]
[EventType "swiss"]
[EventCountry "GER"]
[SourceTitle "playchess.com"]
[Source "ChessBase"]
[SourceQuality "1"]
[TimeControl "40/5400+30:1800+30"]

1. d4 d5 2. Bf4 Nf6 3. e3 c5 4. c3 e6 5. Nd2 Nc6 6. Ngf3 Bd6 7. Bg3 O-O 8. Bd3 b6 9. Ne5 Bb7 10. f4 Ne7 11. Bh4 Ne4 12. Nxe4 dxe4 13. Bxe7 Qxe7 14. Be2 cxd4 15. cxd4 Bxe5 16. fxe5 Qg5 17. Qd2 Qxg2 18. O-O-O Rac8+ 19. Kb1 Rc7 20. h4 Rfc8 21. Rdg1 Qf2 22. Rf1 Qg2 23. Rfg1 Qf2 24. Rf1 Qg2 1/2-1/2

[Event "22nd OIBM 2018"]
[Site "Gmund am Tegernsee"]
[Date "2018.10.27"]
[Round "1"]
[White "Wenner, Tobias"]
[Black "Fier, Alexandr"]
[Result "1/2-1/2"]
[ECO "A05"]
[WhiteElo "2119"]
[BlackElo "2558"]
[Annotator "ChessBase"]
[PlyCount "132"]
[EventDate "2018.10.27"]
[EventType "swiss"]
[EventCountry "GER"]
[SourceTitle "playchess.com"]
[Source "ChessBase"]
[SourceQuality "1"]
[TimeControl "40/5400+30:1800+30"]

1. Nf3 Nf6 2. c4 g6 3. g3 Bg7 4. Bg2 O-O 5. O-O d6 6. d4 Nc6 7. Nc3 Rb8 8. h3 a6 9. Re1 Re8 10. e4 e5 11. dxe5 Nxe5 12. Nxe5 dxe5 13. Be3 Be6 14. b3 Nd7 15. Qe2 c6 16. c5 f5 17. Rac1 Qf6 18. exf5 gxf5 19. Red1 Qg6 20. Kh2 Nf6 21. Qc2 h5 22. Rd6 Bf8 23. Rdd1 Re7 24. Rg1 Rh7 25. Rgd1 Kf7 26. f4 e4 27. Qf2 Be7 28. Bd4 h4 29. Bxf6 hxg3+ 30. Qxg3 Qxf6 31. Qe3 Rg8 32. Bf1 Qh6 33. Ne2 Rhg7 34. Rd2 Rg6 35. Rcc2 Qg7 36. Rc1 Rg2+ 37. Kh1 Bd5 38. Rcd1 Bxc5 39. Rxd5 Rg1+ 40. Nxg1 Qxg1+ 41. Qxg1 Rxg1+ 42. Kh2 cxd5 43. Rxd5 Bf2 44. Rxf5+ Ke6 45. Re5+ Kf6 46. Bg2 e3 47. Bxb7 Rg7 48. Bxa6 Bg3+ 49. Kh1 Bxf4 50. Re4 Kg5 51. a4 Rd7 52. Bc4 Rd2 53. Kg1 Kf5 54. Re8 Be5 55. Kf1 Rf2+ 56. Ke1 Ra2 57. Kd1 Kf4 58. Rf8+ Kg3 59. Rg8+ Kxh3 60. a5 Bf4 61. a6 Rd2+ 62. Ke1 Bg3+ 63. Kf1 Rf2+ 64. Ke1 Ra2+ 65. Kf1 Bh4 66. b4 e2+ 1/2-1/2

[Event "22nd OIBM 2018"]
[Site "Gmund am Tegernsee"]
[Date "2018.10.27"]
[Round "1"]
[White "Pollmann, Sascha"]
[Black "Morawietz, Dieter"]
[Result "0-1"]
[ECO "A04"]
[WhiteElo "2091"]
[BlackElo "2408"]
[Annotator "NA"]
[PlyCount "54"]
[EventDate "2018.10.27"]
[EventType "swiss"]
[EventCountry "GER"]
[SourceTitle "playchess.com"]
[Source "ChessBase"]
[SourceQuality "1"]
[TimeControl "40/5400+30:1800+30"]

1. Nf3 c5 2. g3 Nc6 3. c4 g6 4. d4 cxd4 5. Nxd4 Bg7 6. Nc2 d6 7. Bg2 Bd7 8. O-O Rc8 9. Nc3 Na5 10. Ne3 Nf6 11. Qd3 Ng4 12. Nxg4 Bxg4 13. f3 Bd7 14. b3 b5 15. Be3 bxc4 16. bxc4 Nxc4 17. Rac1 Bf5 18. Ne4 d5 19. Rfd1 Nxe3 20. Qxe3 Rxc1 21. Qxc1 Qb6+ 22. Nf2 Bd4 23. Rf1 O-O 24. f4 Rc8 25. Qa3 e6 26. Bf3 Rc3 27. Qa4 Bh3 0-1

[Event "22nd OIBM 2018"]
[Site "Gmund am Tegernsee"]
[Date "2018.10.27"]
[Round "1"]
[White "Klee, Helmut"]
[Black "Miller, Eduard"]
[Result "0-1"]
[ECO "D02"]
[WhiteElo "2089"]
[BlackElo "2383"]
[Annotator "NA"]
[PlyCount "102"]
[EventDate "2018.10.27"]
[EventType "swiss"]
[EventCountry "GER"]
[SourceTitle "playchess.com"]
[Source "ChessBase"]
[SourceQuality "1"]
[TimeControl "40/5400+30:1800+30"]

1. d4 d5 2. Nf3 e6 3. c4 a6 4. g3 dxc4 5. a4 c5 6. Nbd2 cxd4 7. Nxc4 Nc6 8. Bg2 e5 9. O-O f6 10. a5 Be6 11. Nb6 Rb8 12. Qa4 Qd6 13. Bd2 Nge7 14. Rfd1 Nc8 15. Nc4 Qc5 16. Na3 Be7 17. Rac1 Qd6 18. Nc4 Qd7 19. Be1 O-O 20. b3 Qe8 21. e3 dxe3 22. Nxe3 Qf7 23. Nc4 N8a7 24. Bc3 Nb5 25. Ba1 Rfd8 26. Qa2 Rxd1+ 27. Rxd1 Rd8 28. Rc1 Nb4 29. Qe2 Nd3 30. Rd1 Nc5 31. Rxd8+ Bxd8 32. Nfd2 Bd5 33. Qe3 Bxg2 34. Kxg2 Qd5+ 35. Kg1 Be7 36. Bb2 Qd3 37. Qxd3 Nxd3 38. Kf1 Bb4 39. Ba1 Kf7 40. Ke2 Nc5 41. Ke3 Ke6 42. Bb2 Nd7 43. f4 exf4+ 44. Kxf4 Nb8 45. g4 Nc6 46. Ne4 Nxa5 47. Nxa5 Bxa5 48. Nc5+ Kd5 49. Nxb7 Bc7+ 50. Kf5 Kc6 51. h4 Kxb7 {[%emt 0:00:00] Ke5} 0-1

[Event "22nd OIBM 2018"]
[Site "Gmund am Tegernsee"]
[Date "2018.10.27"]
[Round "1"]
[White "Baeuml, Ulrich"]
[Black "Stark, Lars"]
[Result "0-1"]
[ECO "A05"]
[WhiteElo "2088"]
[BlackElo "2374"]
[Annotator "NA"]
[PlyCount "84"]
[EventDate "2018.10.27"]
[EventType "swiss"]
[EventCountry "GER"]
[SourceTitle "playchess.com"]
[Source "ChessBase"]
[SourceQuality "1"]
[TimeControl "40/5400+30:1800+30"]

1. Nf3 Nf6 2. g3 b5 3. Bg2 Bb7 4. O-O e6 5. b3 Be7 6. Bb2 O-O 7. d3 c5 8. Nbd2 d6 9. e4 Nc6 10. Qe2 Nd7 11. a4 b4 12. Nc4 Qc7 13. Rfe1 Rac8 14. Rad1 Rfd8 15. h4 h6 16. Bh3 Bf6 17. Bxf6 Nxf6 18. Qe3 d5 19. e5 dxc4 20. exf6 Nd4 21. Nxd4 cxd4 22. Qe2 gxf6 23. dxc4 Qc6 24. Kh2 Qf3 25. Qxf3 Bxf3 26. Rd3 Bb7 27. f4 h5 28. Bg2 Rc7 29. Bxb7 Rxb7 30. Re4 Rbd7 31. Kg2 Kg7 32. Kf3 Kg6 33. c5 Rd5 34. c6 e5 35. Rd2 Rc8 36. fxe5 fxe5 37. g4 Rxc6 38. gxh5+ Kf5 39. Rg4 Rc3+ 40. Rd3 Rxc2 41. Rg5+ Ke6 42. h6 Rd8 0-1

[Event "22nd OIBM 2018"]
[Site "Gmund am Tegernsee"]
[Date "2018.10.27"]
[Round "1"]
[White "Nikanova, Ekaterina"]
[Black "Forchert, Martin"]
[Result "0-1"]
[ECO "B02"]
[WhiteElo "2088"]
[BlackElo "2363"]
[Annotator "NA"]
[PlyCount "91"]
[EventDate "2018.10.27"]
[EventType "swiss"]
[EventCountry "GER"]
[SourceTitle "playchess.com"]
[Source "ChessBase"]
[SourceQuality "1"]
[TimeControl "40/5400+30:1800+30"]

1. e4 Nf6 2. e5 Nd5 3. c4 Nb6 4. c5 Nd5 5. Nc3 c6 6. Qb3 Qc7 7. Nf3 b6 8. d4 bxc5 9. Nxd5 cxd5 10. Qxd5 Nc6 11. Ng5 e6 12. Qf3 d5 13. exd6 Bxd6 14. Bb5 Bb7 15. O-O O-O 16. Qd3 g6 17. Qh3 h5 18. dxc5 Bxc5 19. Be3 Bxe3 20. Qxe3 Qe5 21. Qxe5 Nxe5 22. Rac1 Rac8 23. Ra1 Bd5 24. b3 Rb8 25. f4 Rxb5 26. fxe5 Rb7 27. Rf4 Rd8 28. Raf1 Rdd7 29. Ne4 Bxe4 30. Rxe4 Rb5 31. Rf2 a5 32. h3 g5 33. Kh2 g4 34. h4 Kg7 35. Kg3 Kg6 36. Kf4 Rdd5 37. Rc2 Rd3 38. Rec4 f5 39. Re2 Rbd5 40. g3 R5d4+ 41. Rxd4 Rxd4+ 42. Ke3 Re4+ 43. Kd3 Rxe2 44. Kxe2 f4 45. Kd3 Kf5 46. Kd4 0-1

[Event "22nd OIBM 2018"]
[Site "Gmund am Tegernsee"]
[Date "2018.10.27"]
[Round "1"]
[White "Pasti, Aron"]
[Black "Bernabeu Lopez, Carlos Javier"]
[Result "0-1"]
[ECO "C70"]
[WhiteElo "2085"]
[BlackElo "2353"]
[Annotator "NA"]
[PlyCount "88"]
[EventDate "2018.10.27"]
[EventType "swiss"]
[EventCountry "GER"]
[SourceTitle "playchess.com"]
[Source "ChessBase"]
[SourceQuality "1"]
[TimeControl "40/5400+30:1800+30"]

1. e4 e5 2. Nf3 Nc6 3. Bb5 a6 4. Ba4 Nge7 5. c3 g6 6. d4 exd4 7. cxd4 b5 8. Bc2 d5 9. e5 Bg4 10. Be3 Nf5 11. Bxf5 Bxf5 12. Bg5 Be7 13. Bxe7 Qxe7 14. Nc3 Rd8 15. O-O Bg4 16. Qd2 Bxf3 17. gxf3 Qh4 18. Ne2 Ne7 19. Rac1 c6 20. Qf4 Qxf4 21. Nxf4 Kd7 22. b4 a5 23. a3 Ra8 24. Ra1 Nf5 25. Ne2 Rhb8 26. Rfd1 Rb7 27. Kf1 Rba7 28. Rab1 axb4 29. axb4 Ra2 30. h3 Nh4 31. f4 Nf3 32. Kg2 Rxe2 33. Kxf3 Raa2 34. Rf1 Red2 35. Ke3 Rdc2 36. Rb3 Ke6 37. Kf3 h5 38. Ke3 Rab2 39. Rb1 Re2+ 40. Kd3 Rbd2+ 41. Kc3 Rxf2 42. Ra3 Rc2+ 43. Kd3 Rfd2+ 44. Ke3 Rh2 0-1

[Event "22nd OIBM 2018"]
[Site "Gmund am Tegernsee"]
[Date "2018.10.28"]
[Round "2"]
[White "Fier, Alexandr"]
[Black "Hofmann, Lorenz"]
[Result "*"]
[ECO "B12"]
[WhiteElo "2558"]
[BlackElo "1995"]
[Annotator "ChessBase"]
[PlyCount "37"]
[EventDate "2018.10.27"]
[EventType "swiss"]
[EventCountry "GER"]
[SourceTitle "playchess.com"]
[Source "ChessBase"]
[SourceQuality "1"]
[TimeControl "40/5400+30:1800+30"]

1. e4 c6 2. d4 d5 3. e5 c5 4. dxc5 Nc6 5. a3 Nxe5 6. b4 Nf6 7. Bb2 Ng6 8. Nf3 e6 9. c4 Be7 10. cxd5 Qxd5 11. Bb5+ Bd7 12. Qxd5 exd5 13. Bxd7+ Kxd7 14. Nc3 Rhd8 15. O-O Ke8 16. Rad1 Kf8 17. Rd4 Rd7 18. Rfd1 Rad8 19. Nb5 *

[Event "22nd OIBM 2018"]
[Site "Gmund am Tegernsee"]
[Date "2018.10.28"]
[Round "2"]
[White "Jarmula, Lukasz"]
[Black "Leeb, Simon"]
[Result "1-0"]
[ECO "B10"]
[WhiteElo "2492"]
[BlackElo "2203"]
[Annotator "RC"]
[PlyCount "59"]
[EventDate "2018.10.27"]
[EventType "swiss"]
[EventCountry "GER"]
[SourceTitle "playchess.com"]
[Source "ChessBase"]
[SourceQuality "1"]
[TimeControl "40/5400+30:1800+30"]

1. e4 c6 2. Nc3 d5 3. Nf3 Nf6 4. e5 Ne4 5. Nb1 Bg4 6. Be2 Nd7 7. d3 Nec5 8. d4 Ne6 9. O-O c5 10. dxc5 Nc7 11. Nd4 Bxe2 12. Qxe2 Nxc5 13. b4 N5e6 14. Nxe6 Nxe6 15. Rd1 Nc7 16. c4 e6 17. a3 Qc8 18. Nc3 dxc4 19. Bg5 Be7 20. Bxe7 Kxe7 21. Qxc4 Rd8 22. Rxd8 Qxd8 23. Rd1 Nd5 24. Nxd5+ exd5 25. Rxd5 Rc8 26. Qh4+ f6 27. exf6+ gxf6 28. Qxh7+ Ke6 29. Qf5+ Ke7 30. g4 1-0

[Event "22nd OIBM 2018"]
[Site "Gmund am Tegernsee"]
[Date "2018.10.28"]
[Round "2"]
[White "Morawietz, Dieter"]
[Black "Ryzhkov, Vadim"]
[Result "1-0"]
[ECO "D85"]
[WhiteElo "2408"]
[BlackElo "2171"]
[Annotator "NA"]
[PlyCount "67"]
[EventDate "2018.10.27"]
[EventType "swiss"]
[EventCountry "GER"]
[SourceTitle "playchess.com"]
[Source "ChessBase"]
[SourceQuality "1"]
[TimeControl "40/5400+30:1800+30"]

1. d4 Nf6 2. c4 g6 3. Nc3 d5 4. cxd5 Nxd5 5. e4 Nxc3 6. bxc3 Bg7 7. Bg5 c5 8. Rc1 Qa5 9. Bd2 Qxa2 10. d5 O-O 11. Bd3 e6 12. c4 Re8 13. Ne2 Bd7 14. O-O Qa6 15. Bc3 e5 16. Rb1 b6 17. Qd2 Qc8 18. f4 Qd8 19. Rf2 Qe7 20. Rbf1 Rf8 21. Qb2 Na6 22. fxe5 Nb4 23. Bb1 Bh6 24. Rf6 Bg4 25. Nf4 Bg7 26. Qf2 Bxf6 27. exf6 Qd7 28. Qh4 h5 29. Qg5 Kh7 30. Bd2 Rh8 31. e5 Bf5 32. e6 fxe6 33. Bxf5 exf5 34. Qxg6# 1-0

[Event "22nd OIBM 2018"]
[Site "Gmund am Tegernsee"]
[Date "2018.10.28"]
[Round "2"]
[White "Miller, Eduard"]
[Black "Ammon, Tobias"]
[Result "1/2-1/2"]
[ECO "D79"]
[WhiteElo "2383"]
[BlackElo "2165"]
[Annotator "NA"]
[PlyCount "50"]
[EventDate "2018.10.27"]
[EventType "swiss"]
[EventCountry "GER"]
[SourceTitle "playchess.com"]
[Source "ChessBase"]
[SourceQuality "1"]
[TimeControl "40/5400+30:1800+30"]

1. Nf3 Nf6 2. g3 g6 3. Bg2 Bg7 4. O-O O-O 5. d4 d5 6. c4 c6 7. cxd5 cxd5 8. Nc3 Ne4 9. Nd2 Nxc3 10. bxc3 Nc6 11. e4 e6 12. exd5 exd5 13. Qb3 Be6 14. Qxb7 Qb6 15. Qxb6 axb6 16. Re1 Rfc8 17. Nb3 Na5 18. Nxa5 Rxa5 19. Bd2 Rca8 20. Reb1 Rxa2 21. Rxa2 Rxa2 22. Be1 Bf5 23. Rd1 Be6 24. Rb1 Bf5 25. Rd1 Be6 1/2-1/2

[Event "22nd OIBM 2018"]
[Site "Gmund am Tegernsee"]
[Date "2018.10.28"]
[Round "2"]
[White "Forchert, Martin"]
[Black "Juergens, Klaus"]
[Result "1-0"]
[ECO "B30"]
[WhiteElo "2363"]
[BlackElo "2149"]
[Annotator "NA"]
[PlyCount "67"]
[EventDate "2018.10.27"]
[EventType "swiss"]
[EventCountry "GER"]
[SourceTitle "playchess.com"]
[Source "ChessBase"]
[SourceQuality "1"]
[TimeControl "40/5400+30:1800+30"]

1. e4 c5 2. Nf3 Nc6 3. Bb5 e6 4. Bxc6 bxc6 5. b3 Ne7 6. Bb2 d6 7. e5 Ng6 8. O-O f6 9. exd6 Bxd6 10. Nc3 O-O 11. d3 e5 12. Nd2 Nf4 13. Re1 Bf5 14. Nde4 Ne6 15. Nxd6 Qxd6 16. Ne4 Bxe4 17. Rxe4 Nd4 18. Qd2 f5 19. Ree1 Rae8 20. Qc3 Qd5 21. Rac1 Rf6 22. Qc4 Rg6 23. Kf1 Ree6 24. Qxd5 cxd5 25. c4 Ra6 26. Rxe5 dxc4 27. Rxc5 Ne6 28. Rxf5 Rxa2 29. Rxc4 h6 30. Rc2 Rg5 31. Rxg5 hxg5 32. g3 Kh7 33. Re2 Nc5 34. Bd4 1-0

[Event "22nd OIBM 2018"]
[Site "Gmund am Tegernsee"]
[Date "2018.10.28"]
[Round "2"]
[White "Bernabeu Lopez, Carlos Javier"]
[Black "Hoppe, Thilo"]
[Result "1-0"]
[ECO "D71"]
[WhiteElo "2353"]
[BlackElo "2079"]
[Annotator "NA RC"]
[PlyCount "103"]
[EventDate "2018.10.27"]
[EventType "swiss"]
[EventCountry "GER"]
[SourceTitle "playchess.com"]
[Source "ChessBase"]
[SourceQuality "1"]
[TimeControl "40/5400+30:1800+30"]

1. d4 Nf6 2. c4 g6 3. g3 Bg7 4. Bg2 d6 5. Nf3 O-O 6. O-O Nc6 7. d5 Na5 8. Nbd2 c5 9. dxc6 Nxc6 10. Nb1 Be6 11. Na3 h6 12. Be3 Ng4 13. Bd4 Nxd4 14. Nxd4 Bc8 15. e3 Qb6 16. Rb1 Ne5 17. Qd2 Nc6 18. Nac2 Nxd4 19. Nxd4 a5 20. a4 Qb4 21. Qxb4 axb4 22. b3 Ra7 23. Nb5 Ra5 24. Nc7 Bf5 25. Rbc1 Bb2 26. Rcd1 Ba3 27. Rd2 Bd7 28. Nb5 Bxb5 29. cxb5 b6 30. Rc2 Ra7 31. Rd1 Rb8 32. Rdd2 Kf8 33. Rc6 Ke8 34. Rdc2 Rd7 35. Rc8+ Rd8 36. R8c7 d5 37. Ra7 Rd7 38. Rxd7 Kxd7 39. Bxd5 e6 40. Bc6+ Ke7 41. Be4 Kd7 42. Kf1 f5 43. Bc6+ Ke7 44. Ke2 g5 45. h3 Kd6 46. Rd2+ Ke7 47. Kd1 Rd8 48. Rxd8 Kxd8 49. Kc2 Kc7 50. f4 gxf4 51. exf4 Kd6 52. g4 {[%emt 0:00:00] Kd5} 1-0

[Event "22nd OIBM 2018"]
[Site "Gmund am Tegernsee"]
[Date "2018.10.28"]
[Round "2"]
[White "Weber, Ulrich"]
[Black "Lodes, Hermann"]
[Result "1-0"]
[ECO "A06"]
[WhiteElo "2347"]
[BlackElo "2064"]
[Annotator "NA"]
[PlyCount "87"]
[EventDate "2018.10.27"]
[EventType "swiss"]
[EventCountry "GER"]
[SourceTitle "playchess.com"]
[Source "ChessBase"]
[SourceQuality "1"]
[TimeControl "40/5400+30:1800+30"]

1. Nf3 d5 2. g3 Nf6 3. Bg2 Bf5 4. d3 e6 5. O-O h6 6. c4 c6 7. Qb3 Qb6 8. Qxb6 axb6 9. cxd5 exd5 10. Nd4 Bg6 11. Nc3 b5 12. Bf4 Nbd7 13. a3 Be7 14. Bh3 O-O 15. Nf5 Bxf5 16. Bxf5 b4 17. axb4 Bxb4 18. Be3 Rfe8 19. Rfc1 Bd6 20. Bh3 Be5 21. d4 Bd6 22. Bd2 Nb6 23. b3 Kf8 24. e3 Kg8 25. Nd1 Nbd7 26. Be1 g6 27. Kf1 Kg7 28. Rcb1 Nb6 29. Nb2 Nfd7 30. Nd3 f5 31. Bc3 Rxa1 32. Rxa1 Ra8 33. Nc5 Rxa1+ 34. Bxa1 Kf7 35. Nxb7 Bc7 36. Bc3 Nc8 37. f3 Nf6 38. Kf2 Nd6 39. Nc5 g5 40. Na6 Nde4+ 41. fxe4 Nxe4+ 42. Ke1 Bxg3+ 43. hxg3 Nxc3 44. Bxf5 1-0

[Event "22nd OIBM 2018"]
[Site "Gmund am Tegernsee"]
[Date "2018.10.28"]
[Round "2"]
[White "Singer, Christoph"]
[Black "Thiel, Fabian"]
[Result "0-1"]
[ECO "B06"]
[WhiteElo "2344"]
[BlackElo "2101"]
[Annotator "NA"]
[PlyCount "80"]
[EventDate "2018.10.27"]
[EventType "swiss"]
[EventCountry "GER"]
[SourceTitle "playchess.com"]
[Source "ChessBase"]
[SourceQuality "1"]
[TimeControl "40/5400+30:1800+30"]

1. e4 g6 2. d4 Bg7 3. Nc3 d6 4. Be3 a6 5. Qd2 Nd7 6. f4 b5 7. Be2 Bb7 8. Bf3 Nb6 9. b3 Nf6 10. e5 Nfd5 11. Nxd5 Bxd5 12. Rd1 O-O 13. Bxd5 Nxd5 14. Ne2 f6 15. O-O Qd7 16. exd6 cxd6 17. f5 gxf5 18. Ng3 e6 19. c4 bxc4 20. bxc4 Nb6 21. Qb4 Rfb8 22. Bf4 Bf8 23. Qc3 Rc8 24. Nh5 Qf7 25. Qh3 Rxc4 26. Qb3 Qxh5 27. Qxb6 Qe8 28. Qb3 Rac8 29. Rd3 Qf7 30. Rg3+ Kh8 31. Be3 d5 32. Qb6 R4c6 33. Qb1 Bd6 34. Rgf3 Rc2 35. Qb6 R8c6 36. Qb3 Qc7 37. Bf4 Bxf4 38. Rxf4 Rb6 39. Qa3 Qd6 40. Qa4 Rbb2 0-1

[Event "22nd OIBM 2018"]
[Site "Gmund am Tegernsee"]
[Date "2018.10.28"]
[Round "2"]
[White "Raupp, Thomas"]
[Black "Wuest, Klaus"]
[Result "*"]
[ECO "D97"]
[WhiteElo "2291"]
[BlackElo "2006"]
[Annotator "NA"]
[PlyCount "25"]
[EventDate "2018.10.27"]
[EventType "swiss"]
[EventCountry "GER"]
[SourceTitle "playchess.com"]
[Source "ChessBase"]
[SourceQuality "1"]
[TimeControl "40/5400+30:1800+30"]

1. d4 Nf6 2. c4 g6 3. Nc3 d5 4. Nf3 Bg7 5. Qb3 dxc4 6. Qxc4 O-O 7. e4 a6 8. e5 Nfd7 9. e6 fxe6 10. Be3 Nf6 11. Be2 b5 12. Qb3 Nc6 13. Rd1 *

[Event "22nd OIBM 2018"]
[Site "Gmund am Tegernsee"]
[Date "2018.10.28"]
[Round "2"]
[White "Ciolek, Andreas"]
[Black "Schmidt, Gerhard"]
[Result "1/2-1/2"]
[ECO "D12"]
[WhiteElo "2241"]
[BlackElo "2068"]
[Annotator "NA"]
[PlyCount "41"]
[EventDate "2018.10.27"]
[EventType "swiss"]
[EventCountry "GER"]
[SourceTitle "playchess.com"]
[Source "ChessBase"]
[SourceQuality "1"]
[TimeControl "40/5400+30:1800+30"]

1. d4 d5 2. c4 c6 3. Nf3 Nf6 4. e3 Bf5 5. Nc3 e6 6. Nh4 Bg6 7. Nxg6 hxg6 8. Be2 Qc7 9. h3 Nbd7 10. Qc2 Be7 11. Bd2 O-O 12. O-O dxc4 13. Bxc4 c5 14. d5 exd5 15. Nxd5 Nxd5 16. Bxd5 Nf6 17. Bc4 Rad8 18. Rfd1 a6 19. a4 g5 20. Qf5 Ne8 21. Qf3 1/2-1/2

[Event "22nd OIBM 2018"]
[Site "Gmund am Tegernsee"]
[Date "2018.10.28"]
[Round "2"]
[White "Gueci, Tea"]
[Black "Meins, Gerlef"]
[Result "1/2-1/2"]
[ECO "B67"]
[WhiteElo "2166"]
[BlackElo "2408"]
[Annotator "NA"]
[PlyCount "72"]
[EventDate "2018.10.27"]
[EventType "swiss"]
[EventCountry "GER"]
[SourceTitle "playchess.com"]
[Source "ChessBase"]
[SourceQuality "1"]
[TimeControl "40/5400+30:1800+30"]

1. e4 c5 2. Nf3 Nc6 3. d4 cxd4 4. Nxd4 Nf6 5. Nc3 d6 6. Bg5 e6 7. Qd2 a6 8. O-O-O Bd7 9. f3 h6 10. Be3 b5 11. Nxc6 Bxc6 12. Kb1 Qc7 13. Ne2 Bb7 14. h4 Nd7 15. Rh3 Ne5 16. Nd4 Be7 17. Be2 Rd8 18. g4 d5 19. f4 Nc4 20. Bxc4 dxc4 21. e5 h5 22. Qe2 g6 23. gxh5 Rxh5 24. Rg1 Be4 25. Bf2 Qb7 26. Re1 Bf5 27. Nxf5 Rxf5 28. h5 gxh5 29. Rxh5 Rxh5 30. Qxh5 Qg2 31. Bb6 Rd2 32. Qh8+ Bf8 33. Bc5 Qg7 34. Qh1 Qg2 35. Qh8 Qg7 36. Qh1 Qg2 1/2-1/2

[Event "22nd OIBM 2018"]
[Site "Gmund am Tegernsee"]
[Date "2018.10.28"]
[Round "2"]
[White "Gohla, Ulf"]
[Black "Zajogin, Alexander"]
[Result "1/2-1/2"]
[ECO "E32"]
[WhiteElo "2158"]
[BlackElo "2408"]
[Annotator "NA"]
[PlyCount "32"]
[EventDate "2018.10.27"]
[EventType "swiss"]
[EventCountry "GER"]
[SourceTitle "playchess.com"]
[Source "ChessBase"]
[SourceQuality "1"]
[TimeControl "40/5400+30:1800+30"]

1. d4 Nf6 2. c4 e6 3. Nc3 Bb4 4. Qc2 O-O 5. Nf3 c5 6. dxc5 Na6 7. g3 Nxc5 8. Bd2 b6 9. Bg2 Ba6 10. a3 Bxc3 11. Bxc3 Rc8 12. O-O Nce4 13. Bb4 Re8 14. Ne5 d5 15. Qa4 Bxc4 16. Qxa7 Qc7 1/2-1/2